 Dungeon Crawl Stone Soup version 0.30-a0-311-gf115ab0292 (webtiles) character file.

Game seed: 2155505978823670290

264001 Engwar the Brawler (level 19, -5/193 HPs)
             Began as a Troll Fighter on Oct 20, 2022.
             Was the Champion of Wu Jian.
             Slain by a merfolk impaler
             ... wielding a +4 trident of freezing
              (15 damage)
             ... on level 4 of the Shoals on Oct 25, 2022.
             The game lasted 01:54:01 (31125 turns).

Engwar the Brawler (Troll Fighter)                 Turns: 31125, Time: 01:54:01

Health: -5/193     AC: 22    Str: 29    XL:     19   Next: 64%
Magic:  22/22      EV: 12    Int: 14    God:    Wu Jian [******]
Gold:   1472       SH: 16    Dex:  9    Spells: 13/24 levels left

rFire   + . .      SeeInvis +      - Unarmed
rCold   . . .      Faith    .    b - +5 kite shield
rNeg    . . .      Spirit   .    l - +7 storm dragon scales of Resilience {rElec Regen+}
rPois   +          Reflect  .    J - +0 hat "Efoke" {Harm rPois rC- SInv}
rElec   +          Harm     +    W - +2 cloak {Stlth+}
rCorr   .          Rampage  +    (gloves unavailable)
Will    ++...                    (boots unavailable)
Stlth   ..........               j - amulet "Wixzamom" {RegenMP Rampage rF+ Int+4}
HPRegen 2.12/turn                z - ring of willpower
MPRegen 0.58/turn                t - ring of protection from cold

@: lethally poisoned (-5 -> -5), in a heavenly storm, mesmerised, glowing, very
slow
A: large, unfitting armour, claws 3, regeneration 1, shaggy fur 1, tough skin 1
}: 1/15 runes: serpentine
a: Renounce Religion, Wall Jump, Serpent's Lash, Heavenly Storm


You were on level 4 of the Shoals.
You worshipped Wu Jian.
Wu Jian was exalted by your worship.
You visited 7 branches of the dungeon, and saw 33 of its levels.
You also visited: Ossuary, Gauntlet and Wizlab.

You collected 3381 gold pieces.
You spent 1909 gold pieces at shops.

Inventory:

Missiles
 E - 2 throwing nets
 L - 5 silver javelins (quivered)
Armour
 b - a +5 kite shield (worn)
 l - the +7 storm dragon scales of Resilience (worn) {rElec Regen+}
   (You acquired it on level 6 of the Dungeon)

   rElec:     It insulates you from electricity.
   Regen:     It increases your rate of health regeneration.
 J - the +0 hat "Efoke" (worn) {Harm rPois rC- SInv}
   (You found it in a Gauntlet)

   rC:        It makes you vulnerable to cold.
   rPois:     It protects you from poison.
   SInv:      It lets you see invisible.
   Harm:      It increases damage dealt and taken.
 N - a +2 hat
 W - a +2 cloak of stealth (worn)
 Z - the +5 tower shield of Gluttony {Int+2}
   (You bought it in a shop on level 1 of the Snake Pit)

   Int:       It affects your intelligence (+2).
Jewellery
 a - a ring of see invisible
 j - the amulet "Wixzamom" (around neck) {RegenMP Rampage rF+ Int+4}
   (You bought it in a shop on level 2 of the Snake Pit)

   [amulet of magic regeneration]

   It increases your rate of magic regeneration.
   Int:       It affects your intelligence (+4).
   rF:        It protects you from fire.
   Rampage:   It bestows one free step when moving towards enemies.
 t - a ring of protection from cold (right claw)
 u - a ring of fire
 x - a ring of resist corrosion
 y - a ring of protection from cold
 z - a ring of willpower (left claw)
 R - a ring of poison resistance
 X - a ring of wizardry
 Y - a +4 ring of slaying
Wands
 g - a wand of roots (41)
 o - a wand of acid (15)
 B - a wand of flame (43)
 D - a wand of polymorph (1)
 F - a wand of digging (12)
 O - a wand of mindburst (9)
 P - a wand of charming (23)
Scrolls
 d - 11 scrolls of teleportation
 e - a scroll of enchant armour
 n - a scroll of summoning
 C - 7 scrolls of amnesia
 G - 4 scrolls of fear
 Q - a scroll of blinking
 S - 6 scrolls of fog
 U - a scroll of torment
Potions
 c - 7 potions of might
 f - 3 potions of heal wounds
 h - 8 potions of flight
 i - 6 potions of berserk rage
 k - 6 potions of brilliance
 p - 4 potions of haste
 q - 12 potions of attraction
 r - 3 potions of resistance
 s - 2 potions of mutation
 v - a potion of ambrosia
 w - 14 potions of curing
 H - 2 potions of magic
 T - a potion of cancellation
Miscellaneous
 A - a condenser vane
 M - a phantom mirror


   Skills:
 - Level 13.2 Fighting
 - Level 12.3 Dodging
 - Level 13.6 Shields
 - Level 20.9 Unarmed Combat
 - Level 3.3 Spellcasting
 + Level 7.0 Transmutations
 + Level 8.4 Earth Magic


You had 13 spell levels left.
You knew the following spells:

 Your Spells              Type           Power      Damage    Failure   Level
a - Statue Form           Tmut/Erth      16%        N/A       100%        6
b - Passwall              Tmut/Erth      20%        N/A       13%         2
c - Wereblood             Tmut           22%        N/A       17%         2
d - Apportation           Tloc           4%         N/A       91%         1

Your spell library contained the following spells:

 Spells                   Type           Power      Damage    Failure   Level
 Sandblast                Erth           50%        2d12      6%          1
 Beastly Appendage        Tmut           44%        N/A       12%         1
 Sting                    Tmut/Pois      48%        1d5       43%         1
 Petrify                  Tmut/Erth      24%        N/A       65%         4
 Stone Arrow              Conj/Erth      28%        3d8       73%         3
 Spider Form              Tmut/Pois      12%        N/A       82%         3
 Lee's Rapid Deconstruct  Erth           12%        3d9*      87%         5
 Magic Dart               Conj           8%         1d3       91%         1
 Necrotise                Necr           8%         1d4       91%         1
 Summon Small Mammal      Summ           8%         N/A       91%         1
 Ignite Poison            Fire/Tmut/Pois 8%         N/A       93%         3
 Cigotuvi's Dreadful Rot  Necr/Pois/Air  4%         N/A       97%         2
 Ensorcelled Hibernation  Hex/Ice        4%         N/A       97%         2
 Searing Ray              Conj           4%         2d4       97%         2
 Sublimation of Blood     Necr           2%         N/A       97%         2
 Blade Hands              Tmut           11%        N/A       97%         5
 Call Canine Familiar     Summ           2%         N/A       99%         3
 Frozen Ramparts          Ice            4%         1d1       99%         3
 Hailstorm                Conj/Ice       2%         3d3       99%         3
 Inner Flame              Hex/Fire       2%         N/A       99%         3
 Kindle Blastsparks       Fire/Tloc/Air  4%         2d10      99%         3
 Mephitic Cloud           Conj/Pois/Air  2%         N/A       99%         3
 Summon Guardian Golem    Hex/Summ       2%         N/A       99%         3
 Vampiric Draining        Necr           2%         2d6       99%         3
 Ice Form                 Ice/Tmut       12%        N/A       99%         4
 Airstrike                Air            1%         2d(1-17)  100%        4
 Cause Fear               Hex            1%         N/A       100%        4
 Fulminant Prism          Conj/Hex       1%         3d6       100%        4
 Iskenderun's Mystic Bla  Conj/Tloc      2%         2d3       100%        4
 Olgreb's Toxic Radiance  Pois           2%         N/A       100%        4
 Sticky Flame             Conj/Fire      2%         2d3       100%        4
 Summon Ice Beast         Ice/Summ       2%         N/A       100%        4
 Summon Lightning Spire   Summ/Air       2%         N/A       100%        4
 Agony                    Necr           2%         N/A       100%        5
 Alistair's Intoxication  Tmut/Pois      8%         N/A       100%        5
 Irradiate                Conj/Tmut      6%         3d13      100%        5
 Lightning Bolt           Conj/Air       1%         1d12      100%        5
 Metabolic Englaciation   Hex/Ice        1%         N/A       100%        5
 Simulacrum               Ice/Necr       1%         N/A       100%        6
 Dragon Form              Tmut           11%        N/A       100%        7
 Malign Gateway           Summ/Tloc      1%         N/A       100%        7
 Orb of Destruction       Conj           1%         9d5       100%        7
 Ozocubu's Refrigeration  Ice            1%         4d7       100%        7
 Spellforged Servitor     Conj/Summ      1%         N/A       100%        7
 Discord                  Hex            1%         N/A       100%        8
 Ignition                 Fire           1%         3d3       100%        8
 Summon Horrible Things   Summ           1%         N/A       100%        8
 Polar Vortex             Ice            1%         N/A       100%        9


Dungeon Overview and Level Annotations

Branches:
Dungeon (15/15)            Temple (1/1) D:4            Lair (5/5) D:10
 Shoals (4/4) Lair:3        Snake (4/4) Lair:2        Slime (0/5) Lair:5
    Orc (2/2) D:9             Elf (2/3) Orc:2        Vaults (0/5) D:14
 Depths (0/4) D:15        Ossuary (visited)          WizLab (visited)
Gauntlet (visited)

Altars:
Ashenzari
Cheibriados
Dithmenos
Elyvilon
Gozag
Makhleb
Nemelex Xobeh
Okawaru
Ru
Vehumet
Wu Jian
Yredelemnul
The Shining One
Jiyva

Shops:
D:14 *   Orc:2 **!(   Elf:1 !([*:   Shoals:2 ?   Snake:1 *   Snake:2 [?==:
Snake:4 :

Annotations:
Lair:4 3 runed translucent doors, Syac's ghost, journeyman DsCj; tailblues's ghost, journeyman DgTm
Shoals:3 Nikola
Shoals:4 Bai Suzhen


Innate Abilities, Weirdness & Mutations

You are too large for most types of armour.
You have claws for hands.
Your natural rate of healing is unusually fast.
You are covered in fur. (AC +1)
You have tough skin. (AC +1)


Message History

The merfolk impaler barely misses you.
You feel much better.
You feel sick. The water nymph touches you. The water nymph drowns you!
* * * LOW HITPOINT WARNING * * *
You block the merfolk impaler's attack.
The merfolk avatar chants its luring song.
The merfolk impaler hits you from afar with a +0 trident!
* * * LOW HITPOINT WARNING * * *
The merfolk impaler hits you from afar with a +4 trident of freezing!
* * * LOW HITPOINT WARNING * * *
The merfolk impaler freezes you.
* * * LOW HITPOINT WARNING * * *
The merfolk hits you from afar with a +0 halberd.
* * * LOW HITPOINT WARNING * * *
The merfolk hits you from afar with a +0 halberd!
* * * LOW HITPOINT WARNING * * *
You block the merfolk impaler's attack.
The merfolk hits you but does no damage.
Unknown command.
You feel much better.
You feel sick. The merfolk impaler closely misses you.
The water nymph gestures at you while chanting.
The water swirls and strikes you!!
* * * LOW HITPOINT WARNING * * *
The merfolk impaler hits you but does no damage.
You block the merfolk impaler's attack. x2
The merfolk hits you but does no damage.
The merfolk hits you from afar with a +0 halberd!
* * * LOW HITPOINT WARNING * * *
The merfolk hits you but does no damage.
The merfolk impaler closely misses you.
The merfolk impaler hits you but does no damage.
The merfolk avatar chants its luring song.
You feel much better.
You feel sick.
The water nymph gestures at you while chanting.
The water swirls and strikes you!
* * * LOW HITPOINT WARNING * * *
The merfolk impaler hits you from afar with a +0 trident.
* * * LOW HITPOINT WARNING * * *
The merfolk impaler hits you from afar with a +4 trident of freezing!
You die...

≈≈~~~##~..~#~.P.PP~~~#*~~~~~**,,,
≈≈≈~~.####...P....~~#*~*,,,,~**,,
≈≈~~..............~~#~*,,~~,,~*,,
~...........~~......#~,,~~~*,,*,,
~...........~~~P..P.#~,~~**~,,*,,
~~~......(÷..~†Pm~~.#~,~~*~,,,*,,
...........)~~mmmmmP#~,,*~,,*,*,,
......[....[~~P§§☼☼~##~,,,,*,*,,,
.......[....~~mm@§§~~#*~,,,,*,,,,
.~.......)...~☼§m§§≈~~#*****,,,,,
~~......<...~~§§§§§≈≈≈~~,,,,,,,,,
~~.}....#...~≈≈≈≈≈≈≈≈≈~~,,~,,,,,,
~~.........~~≈≈≈≈≈≈≈≈≈≈~~,,,,,,,,
~~~........~~≈≈≈≈≈≈≈≈≈≈~~,,,,,,,,
≈~~~~~..~~~.~≈≈≈≈≈≈≈≈≈≈~~~,,,,,,,
≈≈~~~~~~~~~~~≈≈≈≈≈≈≈≈≈≈≈~~~,,,,,,
≈≈≈≈~~~~≈≈≈≈≈≈≈≈≈≈~~~~~~~~~~~,~,,


You could see a merfolk avatar (mesmerising), 3 merfolk impalers, 3 merfolk and
a water nymph.

Vanquished Creatures
  An ancient lich (WizLab)
  Vashnia (Snake:2)
  The ghost of tensugalgo the Eclecticist, an adept DjFE of Makhleb (Orc:2)
  Kirke (Snake:1)
  An ancient champion (WizLab)
  Ilsuiw (Shoals:3)
  3 nagarajas (Snake:4)
  The ghost of lurch the Peltast, a journeyman AtRe of Makhleb (Orc:2)
  The ghost of Smoky173 the Warrior, a journeyman DsFi of Yredelemnul (Orc:2)
  The ghost of Johnny the Gelid, a journeyman OpIE of Gozag (Orc:2)
  Azrael (D:15)
  A minotaur (Gauntlet)
  3 deep elf death magi (Elf:1)
  Snorg (D:11)
  Josephine (D:10)
  5 merfolk javelineers
  2 merfolk impalers (Shoals:3)
  A spriggan zombie (D:15)
  4 hydras
  An ogre mage (D:15)
  4 merfolk aquamancers
  4 salamander tyrants (Snake:4)
  A death knight (D:14)
  Harold (Lair:1)
  4 merfolk avatars
  A vault guard (D:14)
  A satyr (Shoals:3)
  8 anacondas
  3 boulder beetles
  3 catoblepae
  4 centaur warriors
  8 two-headed ogres
  An alligator snapping turtle (Shoals:3)
  2 tengu warriors (D:13)
  9 dancing weapons
  12 naga warriors
  4 shock serpents
  19 naga sharpshooters
  3 death yaks
  5 orc high priests (Orc:2)
  A titan zombie (D:15)
  14 spriggans (Lair:5)
  8 deep elf knights
  4 salamander mystics
  Sonja (Lair:1)
  12 skeletal warriors
  13 sea snakes
  A death drake (Gauntlet)
  10 deep elf archers
  A tengu zombie (D:15)
  A necromancer (D:15)
  8 naga ritualists
  A wizard (D:9)
  4 orc knights
  5 large abominations (D:9)
  13 deep elf zephyrmancers
  A phantasmal warrior (D:15)
  18 harpies
  25 deep elf pyromancers
  11 mana vipers
  A wolf spider (D:15)
  12 salamanders
  9 ugly things
  3 orc sorcerers (Elf:1)
  3 fauns (Shoals:3)
  15 manticores
  11 centaur zombies
  4 cyclopes
  38 black mambas
  12 naga magi
  3 torpor snails (Lair:1)
  2 water nymphs (Shoals:1)
  A guardian serpent (shapeshifter) (D:14)
  5 merfolk sirens
  10 elephants
  2 guardian serpents
  Maggie (Lair:1)
  9 cane toads
  2 unseen horrors
  5 komodo dragons
  A freezing wraith (D:14)
  A kobold demonologist (D:10)
  A komodo dragon (shapeshifter) (Elf:1)
  2 rime drakes
  3 efreet
  A guardian mummy (D:15)
  3 trolls
  21 merfolk
  A spectral harpy (Gauntlet)
  3 meliai (D:14)
  A meliai (shapeshifter) (D:14)
  4 polar bears
  5 hornets
  10 blink frogs
  3 wind drakes
  4 dream sheep
  4 snapping turtles
  3 slime creatures
  A meliai zombie (D:12)
  5 shadows
  4 air elementals
  7 wraiths
  62 yaks
  14 water elementals
  5 vampires
  3 hogs (Snake:1)
  7 basilisks
  A golden eye (shapeshifter) (D:7)
  A yak (shapeshifter) (D:13)
  Grum (D:10)
  5 fire elementals
  3 wyverns
  14 vampire mosquitoes
  3 steam dragons
  7 wargs
  An acid dragon (D:11)
  44 nagas
  14 water moccasins
  A two-headed ogre zombie (WizLab)
  7 small abominations (D:9)
  4 hell hounds (D:15)
  A glowing shapeshifter skeleton (D:15)
  2 ice beasts (D:7)
  4 sky beasts
  14 orc warriors
  8 black bears
  5 ogres
  12 centaurs
  4 boggarts (Lair:5)
  16 wolves
  A phantom (D:6)
  5 kobold brigands
  A necrophage (D:4)
  4 scorpions
  6 bullfrogs
  2 earth elementals
  18 wights
  9 troll zombies (WizLab)
  6 killer bees (D:7)
  An electric eel (Snake:1)
  2 howler monkeys
  A crimson imp (D:4)
  A hound (D:6)
  14 jellies
  3 gnoll boudas
  37 orc priests
  3 iguanas
  Terence (D:3)
  A boggart zombie (D:12)
  13 orc wizards
  5 hell rats (Lair:1)
  5 ogre zombies (WizLab)
  A mummy (Ossuary)
  12 gnolls
  7 adders
  3 shadow imps
  6 white imps
  2 ufetubi (D:5)
  3 worms
  3 dart slugs
  56 orcs
  2 spectral bats (Ossuary)
  9 endoplasms
  2 giant cockroaches
  6 goblins
  3 hobgoblins
  8 jackals
  2 quokkas
  4 ball pythons
  7 bats
  5 bat simulacra (Ossuary)
  6 frilled lizards
  10 gnoll zombies (Ossuary)
  4 goblin simulacra (Ossuary)
  5 goblin zombies (Ossuary)
  7 hobgoblin zombies
  37 kobolds
  3 kobold simulacra (Ossuary)
  2 kobold skeletons (D:4)
  4 kobold zombies
  An orc skeleton (D:4)
  6 orc zombies (Ossuary)
  6 rats
  2 rat simulacra (Ossuary)
  3 spectral goblins (Ossuary)
  9 spectral kobolds (Ossuary)
  3 spectral rats (Ossuary)
1168 creatures vanquished.

Vanquished Creatures (collateral kills)
  A ball python (D:3)
1 creature vanquished.

Vanquished Creatures (others)
  2 deep elf zephyrmancers (Elf:1)
  A harpy (Shoals:1)
  A komodo dragon (Lair:2)
  2 orc wizards
  A shadow imp (D:7)
  2 orcs (D:7)
  21 fungi
  110 plants
  11 withered plants (D:15)
151 creatures vanquished.

Grand Total: 1320 creatures vanquished

Notes
Turn   | Place    | Note
-------+----------+-------------------------------------------
     0 | D:1      | Engwar the Troll Fighter began the quest for the Orb.
     0 | D:1      | Reached XP level 1. HP: 22/22 MP: 0/0
   108 | D:1      | Found a faded altar of an unknown god.
   224 | D:1      | Reached XP level 2. HP: 29/29 MP: 1/1
   923 | D:2      | Reached skill level 3 in Unarmed Combat
   923 | D:2      | Reached XP level 3. HP: 34/36 MP: 2/2
   995 | D:2      | You fall into a shaft and drop 2 floors!
   996 | D:4      | Noticed a scorpion
  1012 | D:4      | Killed a scorpion
  1013 | D:4      | Reached XP level 4. HP: 33/45 MP: 3/3
  1033 | D:4      | Found a staircase to the Ecumenical Temple.
  1044 | Temple   | Entered the Ecumenical Temple
  1061 | Temple   | Became a worshipper of the Wu Jian Council
  2029 | D:3      | Reached * piety under Wu Jian
  2030 | D:3      | Reached skill level 4 in Unarmed Combat
  2030 | D:3      | Reached XP level 5. HP: 53/53 MP: 4/4
  2255 | D:3      | Noticed Terence
  2269 | D:3      | Killed Terence
  2522 | D:4      | Found a glowing golden altar of the Shining One.
  2617 | D:4      | Reached XP level 6. HP: 61/61 MP: 5/5
  2794 | D:4      | Reached skill level 5 in Unarmed Combat
  2878 | D:4      | Found a sparkling altar of Nemelex Xobeh.
  3052 | D:5      | Entered Level 5 of the Dungeon
  3122 | D:5      | Noticed a water moccasin
  3128 | D:5      | Killed a water moccasin
  3164 | D:5      | Noticed a water moccasin
  3184 | D:5      | Killed a water moccasin
  3185 | D:5      | Reached XP level 7. HP: 14/68 MP: 6/6
  3271 | D:5      | Reached ** piety under Wu Jian
  3276 | D:5      | Reached skill level 6 in Unarmed Combat
  3301 | D:5      | Found a broken altar of Ashenzari.
  3523 | D:5      | Found a sand-covered staircase.
  3528 | Ossuary  | Entered an ossuary
  3635 | Ossuary  | Reached *** piety under Wu Jian
  3823 | Ossuary  | Reached **** piety under Wu Jian
  4460 | D:6      | Reached XP level 8. HP: 55/79 MP: 7/7
  4466 | D:6      | Reached skill level 5 in Shields
  4592 | D:6      | Reached skill level 7 in Unarmed Combat
  4740 | D:6      | Identified a scroll of acquirement
  4740 | D:6      | Acquired the +7 storm dragon scales of Resilience {rElec
                  | Regen+}
  4840 | D:6      | Reached skill level 5 in Fighting
  4980 | D:6      | Reached skill level 8 in Unarmed Combat
  5269 | D:7      | Reached XP level 9. HP: 65/88 MP: 8/8
  5417 | D:7      | Found a snail-covered altar of Cheibriados.
  5426 | D:7      | Reached skill level 9 in Unarmed Combat
  5541 | D:7      | Reached ***** piety under Wu Jian
  5584 | D:7      | Reached skill level 10 in Unarmed Combat
  5680 | D:7      | Reached XP level 10. HP: 100/100 MP: 9/9
  6353 | D:8      | Noticed a green ugly thing
  6358 | D:8      | Noticed a cyclops
  6670 | D:8      | Killed a cyclops
  6671 | D:8      | Reached skill level 11 in Unarmed Combat
  6702 | D:8      | Noticed a centaur warrior
  6716 | D:8      | Killed a centaur warrior
  6744 | D:8      | Noticed an eight-headed hydra
  6866 | D:8      | Killed a green ugly thing
  6867 | D:8      | Reached skill level 5 in Dodging
  7106 | D:8      | Reached XP level 11. HP: 96/109 MP: 8/10
  7552 | D:9      | Paralysed by a hornet for 2 turns
  7563 | D:8      | Reached skill level 12 in Unarmed Combat
  7716 | D:9      | Found a staircase to the Orcish Mines.
  8166 | D:9      | Noticed a wizard
  8172 | D:9      | Killed a wizard
  8177 | D:9      | Noticed a large abomination
  8177 | D:9      | Noticed a large abomination
  8177 | D:9      | Noticed a large abomination
  8186 | D:9      | Killed a large abomination
  8222 | D:9      | Killed a large abomination
  8229 | D:9      | Killed a large abomination
  8238 | D:9      | Found the +8 frozen axe "Frostbite" {freezing cloud, *Noise
                  | Fly rC+}
  8252 | D:9      | Got the Discursus on Pestilence and the Chill
  8322 | D:10     | Entered Level 10 of the Dungeon
  8322 | D:10     | Noticed a centaur warrior
  8327 | D:10     | Killed a centaur warrior
  8338 | D:10     | Found a snail-covered altar of Cheibriados.
  8363 | D:10     | Noticed Josephine
  8394 | D:10     | Killed Josephine
  8398 | D:10     | Reached ****** piety under Wu Jian
  8399 | D:10     | Reached skill level 13 in Unarmed Combat
  8450 | D:10     | Noticed a two-headed ogre
  8456 | D:10     | Killed a two-headed ogre
  8457 | D:10     | Reached XP level 12. HP: 99/120 MP: 7/11
  8537 | D:10     | Found a staircase to the Lair.
  8782 | D:10     | Noticed Grum
  8802 | D:10     | Killed Grum
  9085 | D:10     | Found an opulent altar of Gozag.
  9097 | D:10     | Found a basalt altar of Yredelemnul.
  9257 | Lair:1   | Entered Level 1 of the Lair of Beasts
  9340 | Lair:1   | Noticed Maggie
  9408 | Lair:1   | Killed Maggie
  9526 | Lair:1   | Noticed Sonja
  9539 | Lair:1   | HP: 6/122 [Sonja/+2 short sword of venom (3)]
  9716 | Lair:1   | Killed Sonja
  9768 | Lair:1   | Noticed a catoblepas
  9791 | Lair:1   | Killed a catoblepas
  9809 | Lair:1   | Found a snail-covered altar of Cheibriados.
 10021 | Lair:1   | Reached skill level 14 in Unarmed Combat
 10111 | Lair:1   | Noticed Harold
 10124 | Lair:1   | Killed Harold
 10543 | Lair:2   | Found a gate leading to a gauntlet.
 10597 | Gauntlet | Entered a Gauntlet
 10597 | Gauntlet | Found a transporter.
 10607 | Gauntlet | Found a transporter.
 10610 | Gauntlet | Found a transporter.
 10613 | Gauntlet | Found a transporter.
 10614 | Gauntlet | Found a transporter.
 10617 | Gauntlet | Found a transporter.
 10618 | Gauntlet | Noticed a seven-headed hydra
 10626 | Gauntlet | Found a transporter.
 10627 | Gauntlet | Found a transporter.
 10703 | Gauntlet | Found a transporter.
 10707 | Gauntlet | Found a transporter.
 10711 | Gauntlet | Found a transporter.
 10722 | Gauntlet | Found a transporter.
 10849 | Gauntlet | Identified the +0 helmet "Noinuf" {rN+}
 10901 | Gauntlet | Identified the +1 robe of Insurance {rN+}
 10905 | Gauntlet | Identified the +0 hat "Efoke" {Harm rPois rC- SInv}
 10928 | Gauntlet | Identified the +3 arbalest "Odabaush" {vorpal, Fragile
                  | rPois rF+}
 10928 | Gauntlet | Noticed a minotaur
 10938 | Gauntlet | Killed a minotaur
 10950 | Gauntlet | Got the Directory of Frostbite
 10955 | Gauntlet | Got the Almanac of the Eternal Fruit
 11013 | Lair:2   | Identified the +1 pair of boots "Voywe" {Int+5 Dex+3
                  | Slay-6}
 11045 | Lair:2   | Noticed a five-headed hydra
 11064 | Lair:2   | Killed a 14-headed hydra
 11065 | Lair:2   | Reached skill level 10 in Shields
 11065 | Lair:2   | Reached XP level 13. HP: 22/131 MP: 2/12
 11305 | Lair:2   | Found a staircase to the Snake Pit.
 11828 | Lair:3   | Reached skill level 15 in Unarmed Combat
 12393 | Lair:3   | Found a staircase to the Shoals.
 12521 | Lair:3   | Identified the +1 robe "Wadeuhur" {rElec}
 12827 | Lair:4   | Found a runed translucent gate.
 12828 | Lair:4   | Found a runed translucent gate.
 12829 | Lair:4   | Found a runed translucent gate.
 12830 | Lair:4   | Noticed Syac's ghost (journeyman DsCj)
 12830 | Lair:4   | Noticed Syac's ghost (journeyman DsCj)
 12830 | Lair:4   | Noticed tailblues's ghost (journeyman DgTm)
 13507 | Lair:5   | Entered Level 5 of the Lair of Beasts
 13792 | Lair:5   | Reached skill level 10 in Fighting
 13824 | Lair:5   | Found a viscous altar of Jiyva.
 13824 | Lair:5   | Found a staircase to the Slime Pits.
 13880 | Lair:5   | Reached skill level 16 in Unarmed Combat
 13888 | Lair:5   | Reached XP level 14. HP: 131/143 MP: 11/13
 14014 | Lair:5   | Paralysed by a hornet for 3 turns
 15000 | D:11     | Noticed Snorg
 15013 | D:11     | Killed Snorg
 15445 | D:12     | Found a basalt altar of Yredelemnul.
 16109 | Orc:1    | Entered Level 1 of the Orcish Mines
 16171 | Orc:1    | Reached skill level 17 in Unarmed Combat
 16360 | Orc:2    | Entered Level 2 of the Orcish Mines
 16527 | Orc:2    | Found a runed translucent gate.
 16527 | Orc:2    | Found a runed translucent gate.
 16527 | Orc:2    | Found a runed translucent gate.
 16528 | Orc:2    | Noticed tensugalgo's ghost (adept DjFE)
 16528 | Orc:2    | Noticed Johnny's ghost (journeyman OpIE)
 16528 | Orc:2    | Noticed Smoky173's ghost (journeyman DsFi)
 16529 | Orc:2    | Noticed lurch's ghost (journeyman AtRe)
 16607 | Orc:2    | Found Wocug's Antique Weapon Shop.
 16607 | Orc:2    | Found Fifuroc's Distillery.
 16865 | Orc:2    | Found Cyjoiwef's General Store.
 16865 | Orc:2    | Found Edat's Assorted Antiques.
 17090 | Orc:2    | Found a staircase to the Elven Halls.
 17239 | Orc:2    | Killed lurch's ghost
 17249 | Orc:2    | Killed tensugalgo's ghost
 17253 | Orc:2    | Killed Smoky173's ghost
 17278 | Orc:2    | Killed Johnny's ghost
 17311 | Orc:2    | Identified the +1 pair of gloves "Xoahuypp" {Dex+3}
 18103 | D:13     | Reached XP level 15. HP: 153/153 MP: 12/14
 18460 | D:14     | Found a gate to the Vaults.
 18642 | D:14     | Found Ixojic's General Store.
 18665 | D:14     | Reached skill level 10 in Dodging
 19575 | D:15     | Entered Level 15 of the Dungeon
 19698 | D:15     | Found a sacrificial altar of Ru.
 19806 | D:15     | Reached skill level 18 in Unarmed Combat
 19891 | D:15     | Found a white marble altar of Elyvilon.
 20024 | D:15     | Found a staircase to the Depths.
 20115 | D:15     | Noticed Azrael
 20143 | D:15     | Killed Azrael
 20716 | Snake:1  | Entered Level 1 of the Snake Pit
 21157 | Snake:1  | Reached XP level 16. HP: 165/165 MP: 15/15
 21299 | Snake:1  | Found Wucilo's Assorted Antiques.
 21379 | Snake:1  | Bought a warped tower shield for 285 gold pieces
 21379 | Snake:1  | Identified the +5 tower shield of Gluttony {Int+2} (You
                  | bought it in a shop on level 1 of the Snake Pit)
 21481 | Snake:1  | Noticed Kirke
 21759 | Snake:1  | Reached skill level 19 in Unarmed Combat
 22080 | Snake:1  | Identified the +1 cloak of Foiheachea {Rampage *Slow
                  | Stlth+}
 22261 | Snake:1  | Killed Kirke
 22530 | Snake:2  | Noticed Vashnia
 22589 | Snake:2  | Found Aroint's Jewellery Emporium.
 22595 | Snake:2  | Bought the amulet "Wixzamom" {RegenMP Rampage rF+ Int+4}
                  | for 576 gold pieces
 22784 | Snake:2  | Killed Vashnia
 22985 | Snake:2  | Found Sioses's Book Shop.
 23092 | Snake:2  | Found Usyt's Jewellery Shoppe.
 23258 | Snake:2  | Found Wagaholo's Armour Boutique.
 23269 | Snake:2  | Found Wept's Magic Scroll Boutique.
 23277 | Snake:2  | Bought a scroll of enchant armour for 112 gold pieces
 24310 | Snake:4  | Entered Level 4 of the Snake Pit
 24762 | Snake:4  | Reached skill level 20 in Unarmed Combat
 24843 | Snake:4  | Reached XP level 17. HP: 115/175 MP: 16/16
 25275 | Snake:4  | Found Korijyef's Vocational Training.
 25485 | Snake:4  | Got a serpentine rune of Zot
 26000 | Snake:4  | HP: 4/175 [black mamba[a naga ritualist] (15)]
 26694 | Elf:1    | Entered Level 1 of the Elven Halls
 26812 | Elf:1    | Found Heamu's Book Emporium.
 26820 | Elf:1    | Upgraded the game from 0.30-a0-304-gdc4b735fe1 to
                  | 0.30-a0-305-g026cb31310
 26856 | Elf:1    | Paralysed by an air elemental for 1 turns
 26888 | Elf:1    | Found a magical portal.
 26893 | WizLab   | Entered Zonguldrok's Shrine
 27244 | WizLab   | Noticed an antique lich
 27254 | WizLab   | Killed an antique lich
 27268 | WizLab   | Found the +9 sword of Zonguldrok {reap}
 27277 | WizLab   | Got the Precepts of Frostbite and the Figure
 27360 | Elf:1    | Bought a book of Sloth for 576 gold pieces
 27367 | Elf:1    | Learned a level 6 spell: Statue Form
 27370 | Elf:1    | Learned a level 2 spell: Passwall
 27373 | Elf:1    | Learned a level 2 spell: Wereblood
 27375 | Elf:1    | Learned a level 1 spell: Apportation
 27375 | Elf:1    | Reached skill level 1 in Spellcasting
 27375 | Elf:1    | Reached skill level 1 in Transmutations
 27375 | Elf:1    | Reached XP level 18. HP: 185/185 MP: 16/19
 27662 | Elf:1    | Paralysed by an air elemental for 1 turns
 27682 | Elf:1    | Found Zuhar's Overcharged Wands.
 27716 | Elf:1    | Identified the +7 trident of Doors {antimagic, rF- rN++
                  | rCorr}
 27875 | Elf:1    | Found Vipn's Antique Armour Emporium.
 27896 | Elf:1    | Bought a glowing cloak for 210 gold pieces
 28002 | Elf:1    | Found Zeemus's Antique Weapon Shop.
 28184 | Elf:1    | Found Fiarais's Distillery.
 28666 | Elf:2    | Reached XP level 19. HP: 166/193 MP: 22/22
 28871 | Elf:2    | Reached skill level 5 in Earth Magic
 28906 | Elf:2    | Paralysed by an air elemental for 1 turns
 29160 | Shoals:1 | Entered Level 1 of the Shoals
 29299 | Lair:3   | Upgraded the game from 0.30-a0-305-g026cb31310 to
                  | 0.30-a0-311-gf115ab0292
 29506 | Shoals:2 | Reached skill level 5 in Transmutations
 29877 | Shoals:2 | Found Emoigenu's Magic Scroll Emporium.
 29914 | Shoals:2 | Bought a scroll of magic mapping for 150 gold pieces
 30030 | Shoals:3 | Noticed Nikola
 30161 | Shoals:4 | Entered Level 4 of the Shoals
 30164 | Shoals:4 | Noticed Ilsuiw
 30523 | Shoals:3 | Killed Ilsuiw
 30691 | Shoals:4 | Noticed Bai Suzhen
 31121 | Shoals:4 | HP: 5/193 [merfolk impaler/+2 trident of venom (12)]
 31125 | Shoals:4 | Slain by a merfolk impaler

Illustrated notes

Levels and vault maps discovered:
D:1:      matt_arrival_los_fun, layout_basic, chequers_ecumenical_altar_simple
D:2:      layout_basic, nicolae_titane
D:3:      layout_basic, uniq_terence
D:4:      layout_loops_ring, nicolae_tso_besieged_by_evil,
          nemelex_xobeh_ov_fountains_minmay, minmay_temple_entry_waves
D:5:      layout_basic, amcnicky_altar_gilded, enter_ossuary_5
D:6:      layout_basic, grunt_tough_drop
D:7:      minmay_the_grid_octo_tiled_squarecenter [minmay_the_grid_octo_focus,
          minmay_the_grid_octo_toaster, minmay_the_grid_octo_fat_diamond,
          minmay_the_grid_octo_vomiting_pacman,
          minmay_the_grid_square_5x5_megaprize_diamond,
          minmay_the_grid_square_5x5_two_walls_a,
          minmay_the_grid_square_5x5_forky,
          minmay_the_grid_square_5x5_half_checkered,
          minmay_the_grid_square_5x5_c], layout_basic, eino_curves_02
D:8:      minmay_cut_squares, layout_loops_ring
D:9:      layout_grid_maze, orc_0_dummy, laboratory
D:10:     layout_loops_ring, nicolae_overflow_hidden_temple,
          mainiacjoe_overflow_swirl, lair_entry_dummy, uniq_grum, uniq_josephine
D:11:     layout_rooms, uniq_snorg
D:12:     layout_stronghold, nicolae_yredelemnul_corpse_copse
D:13:     layout_long_grid, grunt_ministairs_5
D:14:     layout_loops_ring, david_vaults_5, kennysheep_donut, serial_shops,
          shop, minmay_misc_feat_doors, minmay_rotating_lava
D:15:     gammafunk_depths_entry_grave, layout_loops_ring, hangedman_ru_absence,
          nrook_uturn, elyvilon_altar_5, uniq_azrael
Temple:   nicolae_temple_superstar
Lair:1:   wander_river, layout_cave_pods, kennysheep_snail_temple, uniq_maggie,
          uniq_sonja, uniq_harold
Lair:2:   layout_gridlike, guppyfry_snake_entry_island, gauntlet_entry_generic,
          chequers_serial_rivers_room_b
Lair:3:   layout_gridlike, elwin_shoals_entry_rooms, beast_lair_carwin_11
Lair:4:   layout_cellular_growth, gammafunk_ghost_cemetery,
          minmay_lindwurm_lava, grunt_megastairs_2
Lair:5:   minmay_lair_end_enchanted_forest, layout_small_grid,
          minmay_slime_entry_jelly_boxes, infiniplex_staircase_pool
Shoals:1: layout_shoals, nicolae_shoals_lost_giant_baths
Shoals:2: layout_shoals, serial_shops, nicolae_shop_trees
Shoals:3: layout_shoals, uniq_polyphemus, uniq_nikola
Shoals:4: shoals_end_hangedman, layout_shoals, shoals_ilsuiw_alternative,
          uniq_bai_suzhen
Snake:1:  minmay_snake_river, layout_chambers, fake_guardian_serpent_vault,
          serial_bayou_shore_a, minmay_shop_star, uniq_kirke
Snake:2:  layout_layer_cave, serial_shops,
          nicolae_shop_competitors_out_of_business, nicolae_lakefront_shop,
          shop, shop, nicolae_shop_hallway_stairs, grunt_ministairs_10,
          nicolae_snake_salamander_jacuzzi, uniq_vashnia
Snake:3:  layout_concentric_octagons, serial_bayou_shore_b, lemuel_fruit_tree
Snake:4:  johnstein_snake_rune_scales, layout_concentric_octagons,
          nicolae_shop_vocational
Orc:1:    layout_caves, uniq_maurice, uniq_fannar
Orc:2:    st_orc_town, layout_diamond_mine, gammafunk_ghost_cemetery,
          basic_altar
Elf:1:    eino_elf_arrival_sip, layout_gridlike, serial_shops,
          nicolae_shop_statue_plus, shop, shop_coins, nicolae_square_shop,
          mu_enter_wizlab_1, minmay_elf_crystal_heptagon,
          nicolae_shop_overcharged_wands
Elf:2:    elven_hall_of_blades_hangedman_original [nicolae_blade_bullseye],
          layout_loops_ring, portal_desolation_entry_nicolae_forbidding_blocks

Skill      XL: |  1  2  3  4  5  6  7  8  9 10 11 12 13 14 15 16 17 18 19 |
---------------+----------------------------------------------------------+-----
Shields        | 3 4 6 7 8 10 11 12 13 | 13.6
Unarmed Combat | 3 4 5 6 8 10 11 13 14 16 17 18 20 | 20.9
Fighting       | 3 4 5 6 7 8 9 10 11 12 13 | 13.2
Dodging        | 3 5 6 7 8 9 10 11 12 | 12.3
Spellcasting   | 1 3 |  3.3
Transmutations | 1 3 7 |  7.0
Earth Magic    | 2 4 8 |  8.4

Action                   |  1- 3 |  4- 6 |  7- 9 | 10-12 | 13-15 | 16-18 | 19-21 || total
-------------------------+-------+-------+-------+-------+-------+-------+-------++-------
Melee: Unarmed           |    95 |   162 |   412 |   701 |  1243 |   931 |   455 ||  3999
Throw: Javelin           |       |       |       |     5 |     3 |     2 |       ||    10
 Cast: Wereblood         |       |       |       |       |       |       |     1 ||     1
Invok: Lunge             |       |    14 |    23 |    44 |    83 |    10 |     1 ||   175
       Whirlwind         |       |     2 |    12 |    29 |    28 |    48 |    22 ||   141
       Serpent's Lash    |       |       |       |     4 |     3 |     3 |     2 ||    12
       Heavenly Storm    |       |       |       |       |       |       |     2 ||     2
Evoke: Piece from Xom's  |       |       |       |     1 |       |       |       ||     1
  Use: Scroll            |       |    10 |     6 |    13 |     6 |     7 |     2 ||    44
       Potion            |       |     2 |     1 |    12 |     2 |    10 |     7 ||    34
 Stab: Sleeping          |     2 |       |     2 |       |       |       |       ||     4
       Distracted        |       |     1 |       |       |       |       |       ||     1
Armor: Robe              |    22 |    41 |    73 |       |       |       |       ||   136
       Storm dragon scal |       |       |   254 |   396 |   544 |   263 |   249 ||  1706
Dodge: Dodged            |    25 |    47 |   141 |   157 |   271 |   178 |   125 ||   944
Block: Kite shield       |    34 |    53 |   199 |   307 |   593 |   538 |   379 ||  2103

Table legend: (Time is in decaauts)
 A = Elapsed time spent in this place.
 B = Non-inter-level travel time spent in this place.
 C = Inter-level travel time spent in this place.
 D = Time resting spent in this place.
 E = Time spent auto-exploring this place.
 F = Levels seen in this place.
 G = Mean time per level.
                   A        B        C        D        E       F      G
               +--------+--------+--------+--------+--------+-----+--------+
         Total |  30727 |  28754 |   1973 |   2986 |  16355 |  36 |  853.5 |
       Dungeon |  13437 |  12440 |    997 |    662 |   8761 |  15 |  895.8 |
        Temple |     29 |     17 |     12 |      0 |      1 |   1 |   29.0 |
          Lair |   5447 |   4959 |    488 |    339 |   3390 |   5 | 1089.4 |
        Shoals |   1816 |   1775 |     41 |    463 |     92 |   4 |  454.0 |
     Snake Pit |   5747 |   5526 |    221 |   1164 |   2769 |   4 | 1436.8 |
  Orcish Mines |   1312 |   1176 |    136 |     84 |    616 |   2 |  656.0 |
   Elven Halls |   1741 |   1665 |     76 |    231 |    706 |   2 |  870.5 |
       Ossuary |    399 |    399 |      0 |      0 |     19 |   1 |  399.0 |
        Wizlab |    418 |    418 |      0 |      0 |      0 |   1 |  418.0 |
      Gauntlet |    376 |    376 |      0 |     39 |      0 |   1 |  376.0 |
               +--------+--------+--------+--------+--------+-----+--------+

Top non-repeatable levels by time:
 Snake:4: 2102 daAuts
 Snake:1: 1948 daAuts
     D:7: 1399 daAuts
  Lair:1: 1340 daAuts
   Elf:1: 1320 daAuts
    D:12: 1139 daAuts
  Lair:2: 1136 daAuts
    D:14: 1127 daAuts
  Lair:5: 1117 daAuts
     D:9: 1076 daAuts
   Orc:2: 1073 daAuts
    D:10: 1069 daAuts
 Snake:2: 1040 daAuts
     D:2: 1032 daAuts
  Lair:3: 986 daAuts
